 Dungeon Crawl Stone Soup version 0.30-a0-711-gf4ac18a38d (webtiles) character file.

Game seed: 16980433514251887692

1087 bande the Chopper (level 8, 49/49 HPs)
             Began as a Gargoyle Fighter on Jan 23, 2023.
             Quit the game on level 5 of the Dungeon.
             The game lasted 00:11:38 (4732 turns).

bande the Chopper (Gargoyle Fighter)                Turns: 4732, Time: 00:11:39

Health: 49/49      AC: 15    Str: 21    XL:     8   Next: 30%
Magic:  8/8        EV: 12    Int:  8    God:
Gold:   367        SH:  5    Dex: 11    Spells: 7/7 levels left

rFire   . . .      SeeInvis .    a - +0 war axe
rCold   . . .      Faith    .    c - +0 buckler
rNeg    + . .      Spirit   .    y - +0 chain mail
rPois   ∞          Reflect  .    (no helmet)
rElec   +          Harm     .    (no cloak)
rCorr   .          Rampage  .    (no gloves)
Will    .....                    (no boots) Stlth
                                 (no amulet)
HPRegen 0.28/turn                k - +5 ring of evasion
MPRegen 0.11/turn                (no ring)

@: no status effects
A: sickness immunity, AC +5, negative energy resistance 1, electricity
resistance, torment resistance 1, petrification resistance
a: no special abilities


You were on level 5 of the Dungeon.
You visited 2 branches of the dungeon, and saw 6 of its levels.

You collected 367 gold pieces.

Inventory:

Hand Weapons
 a - a +0 war axe (weapon)
 r - a +4 flail
Armour
 c - a +0 buckler (worn)
 y - a +0 chain mail (worn)
Jewellery
 k - a +5 ring of evasion (left hand)
 q - an amulet of the acrobat
Wands
 t - a wand of flame (21)
Scrolls
 b - a scroll of enchant weapon {unknown}
 g - a scroll of vulnerability
 j - a scroll of teleportation
 m - 4 scrolls of identify
Potions
 d - 3 potions of might
 e - a potion of magic {unknown}
 f - 5 potions of curing
 l - a potion of heal wounds {unknown}
 n - 3 potions of cancellation {unknown}
 o - 2 potions of flight
 p - a potion of brilliance {unknown}
 s - 2 potions of lignification {unknown}
 x - 3 potions of berserk rage {unknown}
 z - a potion of ambrosia {unknown}


   Skills:
 + Level 5.1 Fighting
 + Level 5.9 Axes
 + Level 5.5 Armour
 - Level 0.1 Dodging
 + Level 5.0 Shields
 * Level 2.6 Evocations


You had 7 spell levels left.
You didn't know any spells.
Your spell library was empty.

Dungeon Overview and Level Annotations

Branches:
Dungeon (5/15)             Temple (1/1) D:4

Altars:
Ashenzari
Cheibriados
Dithmenos
Makhleb
Nemelex Xobeh
Okawaru
Sif Muna
Trog
Vehumet
Yredelemnul


Innate Abilities, Weirdness & Mutations

You are immune to sickness and miasma.
Your stone body is resilient. (AC +5)
You are immune to poison.
You resist negative energy. (rN+)
You are resistant to electric shocks. (rElec)
You are resistant to unholy torment.
You are immune to petrification.


Message History

The dart slug is almost dead.
You block the dart slug's attack.
You slash the dart slug!
You kill the dart slug!
No target in view!
No target in view!
A giant cockroach comes into view.
A giant cockroach is nearby!
You slash the giant cockroach!
You kill the giant cockroach!
No target in view!
No target in view!
No target in view!
No target in view!
No target in view!
No target in view!
HP restored.
You see here a giant cockroach corpse.
You now have 349 gold pieces (gained 15).
b - a scroll labelled COADEMENOS
Found a stone staircase leading down.
No target in view!
Found a stone staircase leading down.
You now have 356 gold pieces (gained 7).
Found a sling.
You now have 367 gold pieces (gained 11).
Things that are here:
a +0 ring mail; a +0 club; an orc corpse Key pressed, stopping explore.
Done exploring.
Done exploring.
Are you sure you want to abandon this character and quit the game? (Confirm with "yes".)
Okay, then.
Unknown command.
Unknown command.
Unknown command.
Unknown command.
Unknown command.
Unknown command.
Are you sure you want to abandon this character and quit the game? (Confirm with "yes".)

#.............##..##.....
##..#...........#..#....#
####...........#.......#
#######...................##
#.............#....#........
#.........................#.
#...~~~............#......##
#..~~~~~...........#........
#..~~.~~...@................
#..~~~~~...................#
#...~~~.....................
#............#..........)...
#..........####..##.........
######.....# #..###.........
####### ##.............
##............ #............


There were no monsters in sight!

Vanquished Creatures
  A water moccasin (D:3)
  An ice beast (D:4)
  A black bear (D:5)
  An ogre (D:5)
  2 phantoms (D:4)
  A bullfrog (D:4)
  3 necrophages
  A jelly (D:5)
  An iguana (D:5)
  Jessica (D:2)
  3 orc wizards (D:5)
  A gnoll (D:1)
  5 adders
  A white imp (D:5)
  An ufetubus (D:5)
  2 worms (D:2)
  2 dart slugs
  6 orcs
  5 bats
  11 endoplasms
  2 giant cockroaches
  4 goblins
  6 hobgoblins
  8 kobolds
  7 quokkas
  16 ball pythons
  2 frilled lizards
  6 rats
101 creatures vanquished.

Notes
Turn   | Place    | Note
-------+----------+-------------------------------------------
     0 | D:1      | bande the Gargoyle Fighter began the quest for the Orb.
     0 | D:1      | Reached XP level 1. HP: 14/14 MP: 1/1
   158 | D:1      | Reached XP level 2. HP: 19/19 MP: 2/2
   319 | D:1      | Found a faded altar of an unknown god.
   369 | D:1      | Reached XP level 3. HP: 16/23 MP: 3/3
   834 | D:2      | Noticed Jessica
   917 | D:2      | Killed Jessica
   918 | D:2      | Reached XP level 4. HP: 19/29 MP: 4/4
  1811 | D:3      | Noticed a water moccasin
  1828 | D:3      | HP: 1/29 [water moccasin (6)]
  1841 | D:3      | HP: 1/29 [water moccasin (3)]
  1842 | D:3      | Killed a water moccasin
  1843 | D:3      | Reached XP level 5. HP: 2/33 MP: 5/5
  2341 | D:3      | Reached XP level 6. HP: 29/38 MP: 6/6
  2768 | D:4      | Found a staircase to the Ecumenical Temple.
  2776 | Temple   | Entered the Ecumenical Temple
  2888 | D:4      | Reached skill level 1 in Evocations
  2888 | D:4      | Reached XP level 7. HP: 38/44 MP: 7/7
  3185 | D:5      | Entered Level 5 of the Dungeon
  3414 | D:5      | Reached skill level 5 in Axes
  3820 | D:4      | Reached skill level 5 in Armour
  3821 | D:4      | HP: 1/44 [ice beast (13)]
  3826 | D:4      | Reached XP level 8. HP: 2/48 MP: 8/8
  4215 | D:5      | Reached skill level 5 in Fighting
  4361 | D:5      | Reached skill level 5 in Shields
  4732 | D:5      | Quit the game

Illustrated notes

Levels and vault maps discovered:
D:1:      eino_arrival_tree_alley, layout_basic,
          ebering_ecumenical_altar_sacrificial
D:2:      layout_loops_ring, uniq_jessica
D:3:      layout_basic
D:4:      layout_loops_ring, minmay_temple_entry_arrows, serial_glass,
          glass_columns_c, glass_columns_c, glass_columns_a, glass_columns_a,
          dk_noncrumbling_4
D:5:      layout_cave_pools, portal_sewer_entry_a
Temple:   hellmonk_temple_micro_hex

Skill      XL: |  1  2  3  4  5  6  7  8 |
---------------+-------------------------+-----
Axes           | 2 3 4 5 |  5.9
Fighting       | 4 5 |  5.1
Armour         | 4 5 |  5.5
Shields        | 4 5 |  5.0
Evocations     | 1 2 |  2.6
Dodging        | |  0.1

Action                     |  1- 3 |  4- 6 |  7- 9 || total
---------------------------+-------+-------+-------++-------
  Melee: War axe           |    82 |   189 |   138 ||   409
    Use: Potion            |       |     1 |       ||     1
         Scroll            |       |       |     8 ||     8
 Armour: Scale mail        |    52 |    84 |    21 ||   157
         Chain mail        |       |       |    86 ||    86
  Dodge: Dodged            |    60 |   132 |   102 ||   294
  Block: Buckler           |    26 |    39 |    44 ||   109

Table legend: (Time is in decaauts)
 A = Elapsed time spent in this place.
 B = Non-inter-level travel time spent in this place.
 C = Inter-level travel time spent in this place.
 D = Time resting spent in this place.
 E = Time spent auto-exploring this place.
 F = Levels seen in this place.
 G = Mean time per level.
                   A        B        C        D        E       F      G
               +--------+--------+--------+--------+--------+-----+--------+
         Total |   4878 |   4793 |     85 |   1156 |   2542 |   6 |  813.0 |
       Dungeon |   4877 |   4792 |     85 |   1156 |   2542 |   5 |  975.4 |
        Temple |      1 |      1 |      0 |      0 |      0 |   1 |    1.0 |
               +--------+--------+--------+--------+--------+-----+--------+

Top non-repeatable levels by time:
     D:4: 1434 daAuts
     D:2: 910 daAuts
     D:5: 863 daAuts
     D:1: 847 daAuts
     D:3: 821 daAuts
  Temple: 1 daAuts
